 Dungeon Crawl Stone Soup version 0.28-a0-265-g048bc9fd10 (webtiles) character file.

Game seed: 15474262459749953958

17639 porpoise the Cleaver (level 12, -2/169 HPs)
             Began as a Minotaur Berserker on Aug 28, 2021.
             Was a High Priest of Trog.
             Slain by an entropy weaver simulacrum (10 damage)
             ... in an ice cave.
             The game lasted 01:04:11 (16320 turns).

porpoise the Cleaver (Minotaur Berserker)          Turns: 16320, Time: 01:04:11

Health: -2/169     AC: 14    Str: 23    XL:     12   Next: 20%
Magic:  3/3        EV: 13    Int:  4    God:    Trog [*****.]
Gold:   659        SH:  0    Dex: 14    Spells: 11/11 levels left

rFire   . . .      SeeInvis .   a - +3 battleaxe (antimagic)
rCold   + . .      Faith    .   (shield currently unavailable)
rNeg    + . .      Spirit   .   n - +0 scale mail {rN+}
rPois   .          Reflect  .   (helmet restricted)
rElec   .          Harm     .   z - +0 cloak
rCorr   .          Rampage  .   m - +0 pair of gloves
Will    .....                   (no boots)
Stlth   ..........              (no amulet)
HPRegen 0.38/turn               E - ring of protection from cold
MPRegen 0.08/turn               h - +4 ring of protection

@: berserking, studying Evocations, very quick
A: horns 2, retaliatory headbutt
a: Renounce Religion, Berserk, Trog's Hand, Brothers in Arms


You were in an ice cave.
You worshipped Trog.
Trog was extremely pleased with you.
You visited 1 branch of the dungeon, and saw 12 of its levels.
You also visited: Ice Cave.

You collected 714 gold pieces.
You spent 55 gold pieces at shops.

Inventory:

Hand Weapons
 a - a +3 antimagic battleaxe (weapon)
 b - a +0 hunting sling
 k - a +3 executioner's axe
 x - a +0 scimitar of freezing
 X - a +0 broad axe of flaming
Missiles
 p - 67 sling bullets
 v - 90 poisoned darts (quivered)
 U - 3 throwing nets
Armour
 d - a +0 leather armour of resistance
 m - a +0 pair of gloves (worn)
 n - a +0 scale mail of positive energy (worn)
 z - a +0 cloak (worn)
Jewellery
 e - a ring of poison resistance
 h - a +4 ring of protection (right hand)
 E - a ring of protection from cold (left hand)
 O - a ring of protection from fire
 V - a ring of ice
Wands
 I - a wand of acid (24)
 M - a wand of flame (19)
 Q - a wand of iceblast (18)
 T - a wand of paralysis (5)
 W - a wand of charming (5)
Scrolls
 c - 8 scrolls of teleportation
 f - a scroll of brand weapon {unknown}
 g - a scroll of noise {unknown}
 i - a scroll of fog
 o - a scroll of enchant armour
 r - a scroll of fear
 s - 4 scrolls of magic mapping
 t - a scroll of vulnerability {unknown}
 u - a scroll of blinking
 B - a scroll of amnesia {unknown}
 P - 3 scrolls of identify
Potions
 j - a potion of berserk rage
 l - 7 potions of curing
 q - a potion of attraction
 w - a potion of experience {unknown}
 y - a potion of invisibility
 A - 3 potions of might
 C - 5 potions of flight
 D - 2 potions of haste
 H - 3 potions of lignification
 K - 3 potions of heal wounds
 N - a potion of ambrosia


   Skills:
 + Level 12.4 Fighting
 * Level 14.4 Axes
 - Level 6.0 Throwing
 - Level 7.0 Armour
 - Level 7.0 Dodging
 - Level 4.0 Shields
 + Level 8.0 Evocations


You had 11 spell levels left.
You didn't know any spells.
Your spell library was empty.

Dungeon Overview and Level Annotations

Branches:
Dungeon (12/15)            Temple (0/1) D:7            Lair (0/6) D:9
  IceCv (1/1)
    Orc: D:9-12

Altars:
Ashenzari
Elyvilon
Gozag
Kikubaaqudgha
Makhleb
Okawaru
Qazlal
Xom
The Shining One
Beogh

Shops:
D:5 *=*   D:6 (


Innate Abilities, Weirdness & Mutations

You have a pair of horns on your head.
You reflexively headbutt those who attack you in melee.


Message History

The entropy weaver simulacrum hits you but does no damage. x2
The entropy weaver simulacrum hits you!
The entropy weaver simulacrum freezes you!
You resist. The entropy weaver simulacrum hits you!
The entropy weaver simulacrum freezes you!!
You resist.
Your two-headed ogre goes berserk!
The reaper barely misses you.
A red film seems to cover your vision as you go berserk!
You feel yourself moving faster!
You feel mighty!
The reaper hits you with a +2 scythe of freezing!
You slice the reaper!!
You headbutt the reaper, but do no damage.
The reaper is moderately wounded.
You barely miss the ice devil.
The reaper hits you with a +2 scythe of freezing!!!
* * * LOW HITPOINT WARNING * * *
The reaper freezes you.
* * * LOW HITPOINT WARNING * * *
Your two-headed ogre completely misses the ice devil.
Your two-headed ogre hits the ice devil with a +0 giant club!!!
The ice devil dies!
Trog accepts your kill.
You closely miss the reaper.
The reaper is moderately wounded.
You slash the entropy weaver simulacrum!
The reaper hits you with a +2 scythe of freezing!
* * * LOW HITPOINT WARNING * * *
The reaper freezes you.
* * * LOW HITPOINT WARNING * * *
Your two-headed ogre barely misses the entropy weaver simulacrum.
Your two-headed ogre hits the entropy weaver simulacrum with a +0 giant club!!
The entropy weaver simulacrum hits you but does no damage.
The entropy weaver simulacrum hits you!
* * * LOW HITPOINT WARNING * * *
The entropy weaver simulacrum freezes you!
You resist.
* * * LOW HITPOINT WARNING * * *
The entropy weaver simulacrum hits you!
You die...

####...###≈≈≈#
#######....###
≈≈≈### #....#...###
≈≈#≈≈≈## .##....###
######≈≈# ########
######.###.≈# .###
##...#.#.##.## ...##
#.....###..##
....######...##.O###
##.....#####..##@ZZ#
##.....####..###2Z.#
###....#...## Z...#
####...### ...##
##### .### .$ #| #


You could see a reaper (ally target), an elephant simulacrum, a harpy
simulacrum, a spriggan simulacrum, an entropy weaver simulacrum and a friendly
two-headed ogre (summoned, berserk).

Vanquished Creatures
  Snorg (D:10)
  Fannar (D:11)
  Harold (D:11)
  3 two-headed ogres
  Nergalle (D:10)
  A cyclops (D:11)
  An ice statue (IceCv)
  A kobold demonologist (D:9)
  An ice devil (IceCv)
  A freezing wraith (IceCv)
  A queen bee (D:11)
  A troll (D:10)
  2 meliai (D:12)
  A vampire (D:7)
  3 wraiths
  7 yaks
  A shadow (D:11)
  A death yak simulacrum (IceCv)
  A steam dragon (D:7)
  2 wargs (D:9)
  An acid dragon (D:7)
  A harpy simulacrum (IceCv)
  2 water moccasins (D:9)
  A black bear (D:8)
  A hornet zombie (D:8)
  8 orc warriors
  A sky beast (D:5)
  2 ice beasts
  2 necrophages
  8 ogres
  5 centaurs
  A phantom (D:4)
  Blork the orc (D:6)
  4 kobold brigands
  2 bullfrogs (D:8)
  A wyvern zombie (D:6)
  6 two-headed ogre simulacra (IceCv)
  2 gnoll sergeants
  A cane toad simulacrum (IceCv)
  5 scorpions
  30 killer bees
  A wight (D:7)
  6 howler monkeys
  3 centaur zombies
  Crazy Yiuf (D:4)
  A centaur skeleton (D:6)
  6 hounds
  8 orc priests
  4 gnoll shamans
  A bullfrog skeleton (D:7)
  2 iguanas
  12 orc wizards
  6 spriggan simulacra (IceCv)
  Terence (D:2)
  3 polar bear simulacra (IceCv)
  5 troll simulacra (IceCv)
  2 wolf simulacra (IceCv)
  3 killer bee zombies
  2 howler monkey zombies
  26 gnolls
  A howler monkey skeleton (D:5)
  9 adders
  3 naga simulacra (IceCv)
  19 white imps
  2 ufetubi (IceCv)
  3 worms
  2 dart slugs
  44 orcs
  4 ball pythons
  5 bats
  6 endoplasms
  3 giant cockroaches
  5 hobgoblins
  4 jackals (D:2)
  11 kobolds
  5 quokkas
  2 frilled lizards
  10 goblins
  A jackal skeleton (D:4)
  3 rats
352 creatures vanquished.

Vanquished Creatures (collateral kills)
  An ice devil (IceCv)
1 creature vanquished.

Vanquished Creatures (others)
  A shadow imp (D:7)
  5 fungi (D:11)
  51 plants
57 creatures vanquished.

Grand Total: 410 creatures vanquished

Notes
Turn   | Place    | Note
-------+----------+-------------------------------------------
     0 | D:1      | porpoise the Minotaur Berserker began the quest for the
                  | Orb.
     0 | D:1      | Reached XP level 1. HP: 19/19 MP: 0/0
   192 | D:1      | Reached skill level 4 in Axes
   255 | D:1      | Reached XP level 2. HP: 27/27 MP: 1/1
   287 | D:1      | Found a faded altar of an unknown god.
   913 | D:2      | Reached XP level 3. HP: 31/34 MP: 2/2
  1152 | D:2      | Noticed Terence
  1173 | D:2      | Killed Terence
  1174 | D:2      | Reached XP level 4. HP: 33/41 MP: 3/3
  1281 | D:2      | Reached skill level 5 in Fighting
  1281 | D:2      | Reached skill level 5 in Axes
  1510 | D:2      | Reached ** piety under Trog
  2013 | D:2      | Reached XP level 5. HP: 37/48 MP: 4/4
  2495 | D:3      | Reached skill level 6 in Axes
  3254 | D:4      | Noticed a necrophage
  3269 | D:4      | Killed a necrophage
  3270 | D:4      | Reached XP level 6. HP: 54/58 MP: 5/5
  3785 | D:4      | Reached *** piety under Trog
  3786 | D:4      | Reached XP level 7. HP: 66/66 MP: 6/6
  3936 | D:4      | Reached skill level 5 in Armour
  4300 | D:4      | Found a runed translucent door.
  4302 | D:4      | Noticed Crazy Yiuf
  4308 | D:4      | Killed Crazy Yiuf
  4700 | D:5      | Entered Level 5 of the Dungeon
  4736 | D:5      | Found Vyegato's Assorted Antiques.
  5167 | D:5      | Reached XP level 8. HP: 77/77 MP: 7/7
  5269 | D:5      | Found Laho's Jewellery Shop.
  5334 | D:5      | Found Bes Tyja's Antique Weapon Shop.
  5358 | D:5      | Found Kohaph's Assorted Antiques.
  5366 | D:5      | Bought 2 red potions for 37 gold pieces
  5366 | D:5      | Bought a coppery potion for 18 gold pieces
  5366 | D:5      | Found a burning altar of Makhleb.
  5375 | D:5      | Noticed a balrug
  5378 | D:5      | Noticed a smoke demon
  5378 | D:5      | Noticed an orange demon
  5549 | D:5      | Reached skill level 5 in Dodging
  5941 | D:6      | Found Etwez's Antique Weapon Shoppe.
  6012 | D:6      | Found a stormy altar of Qazlal.
  6029 | D:6      | Reached skill level 1 in Throwing
  6197 | D:6      | Noticed Blork the orc
  6209 | D:6      | Reached skill level 1 in Shields
  6214 | D:6      | Killed Blork the orc
  6623 | D:6      | Reached skill level 7 in Axes
  6673 | D:6      | Reached XP level 9. HP: 83/83 MP: 8/8
  6828 | D:7      | Found a staircase to the Ecumenical Temple.
  7061 | D:7      | Reached skill level 8 in Axes
  7065 | D:7      | Reached **** piety under Trog
  7396 | D:7      | Noticed a two-headed ogre
  7599 | D:7      | Noticed a two-headed ogre
  7609 | D:7      | Killed a two-headed ogre
  7610 | D:7      | Reached skill level 9 in Axes
  7893 | D:7      | Reached skill level 5 in Throwing
  7955 | D:7      | Killed a two-headed ogre
  7956 | D:7      | Reached skill level 10 in Axes
  7956 | D:7      | Reached XP level 10. HP: 73/91 MP: 9/9
  8219 | D:7      | Identified 2 scrolls of acquirement
  8219 | D:7      | Acquired a +0 broad axe of flaming
  8596 | D:8      | Found an opulent altar of Gozag.
  8739 | D:8      | Reached skill level 10 in Fighting
  9009 | D:8      | Reached skill level 11 in Axes
  9344 | D:8      | Found an ancient bone altar of Kikubaaqudgha.
  9683 | D:9      | Acquired a manual of Evocations
 10043 | D:9      | Noticed a rust devil
 10046 | D:9      | Reached skill level 1 in Evocations
 10050 | D:9      | Reached ***** piety under Trog
 10265 | D:9      | Found a staircase to the Lair.
 10470 | D:9      | Identified the +1 leather armour "Anuwy" {SInv}
 10799 | D:10     | Entered Level 10 of the Dungeon
 10809 | D:10     | Found a broken altar of Ashenzari.
 10809 | D:10     | Noticed Snorg
 10819 | D:10     | Killed Snorg
 10820 | D:10     | Reached XP level 11. HP: 97/102 MP: 10/10
 11008 | D:10     | Noticed Nergalle
 11019 | D:10     | Killed Nergalle
 11020 | D:10     | Reached skill level 12 in Axes
 11156 | D:10     | Found a white marble altar of Elyvilon.
 11203 | D:10     | Found a shimmering altar of Xom.
 11206 | D:10     | Found an iron altar of Okawaru.
 11474 | D:10     | Noticed a two-headed ogre
 11482 | D:10     | Killed a two-headed ogre
 11743 | D:10     | Found a glowing golden altar of the Shining One.
 12225 | D:11     | Noticed Harold
 12238 | D:11     | Killed Harold
 12239 | D:11     | Reached skill level 5 in Evocations
 12354 | D:11     | Noticed Fannar
 12363 | D:11     | Killed Fannar
 12371 | D:11     | Reached skill level 13 in Axes
 13246 | D:11     | Received a gift from Trog
 14395 | D:12     | Reached skill level 14 in Axes
 14395 | D:12     | Reached XP level 12. HP: 103/112 MP: 3/11
 14406 | D:12     | Found a frozen archway.
 14456 | IceCv    | Entered an ice cave
 14898 | IceCv    | Reached ****** piety under Trog
 15629 | IceCv    | Received a gift from Trog
 16315 | IceCv    | Noticed a reaper
 16320 | IceCv    | HP: 8/169 [entropy weaver simulacrum (11)]
 16320 | IceCv    | Slain by an entropy weaver simulacrum

Illustrated notes

Levels and vault maps discovered:
D:1:      amcnicky_arrival_single_pillar, layout_loops_corners,
          shapermc_ecumenical_altar_mp_ritualfount, minmay_fountain_box
D:2:      layout_basic, serial_bayou, serial_bayou_lagoon_a,
          serial_bayou_pond_a, serial_bayou_lagoon_b, serial_bayou_shore_b,
          mrwooster_statue_mirror, uniq_terence
D:3:      layout_basic
D:4:      layout_basic, grunt_ministairs_6, uniq_crazy_yiuf_cottage
D:5:      minmay_skewed_foursquare, layout_basic, makhleb_altar_promises_db,
          serial_shops, nicolae_shop_trees, nicolae_take_the_stairs,
          nicolae_shop_window_shopping, nicolae_diamond_shop
D:6:      cheibrodos_iron_armory, layout_basic,
          nicolae_qazlal_general_emergency, serial_shops, shop_statue,
          minivault_10, grunt_ministairs_8, uniq_blork_the_orc
D:7:      minmay_clustersquares, layout_loops_ring, temple_fountains
D:8:      layout_basic, mainiacjoe_overflow_alcove_4,
          mainiacjoe_overflow_brackets
D:9:      layout_stronghold, erik_lair_orcish_takeover
D:10:     minmay_evil_eye, layout_grid_maze, kennysheep_little_box,
          mainiacjoe_overflow_small_starburst,
          mainiacjoe_overflow_catwalk_spiral, elyvilon_altar_1, special_room
          [special_room_orc], uniq_snorg, uniq_nergalle
D:11:     kennysheep_seaside_town, layout_loops_ring, kennysheep_generic_room_4,
          uniq_harold, uniq_fannar
D:12:     layout_rooms, david_orc_2, serial_curves, eino_curves_04,
          eino_curves_04, portal_ice_cave_entry_imps, minivault_20, minivault_7
IceCv:    ice_cave_caverns_01

Skill      XL: |  1  2  3  4  5  6  7  8  9 10 11 12 |
---------------+-------------------------------------+-----
Fighting       | 4 5 6 7 8 9 11 12 | 12.4
Axes           | 4 5 6 7 10 11 14 | 14.4
Armour         | 3 4 6 7 |  7.0
Dodging        | 5 7 |  7.0
Throwing       | 1 6 |  6.0
Shields        | 3 4 |  4.0
Evocations     | 3 7 8 |  8.0

Action                   |  1- 3 |  4- 6 |  7- 9 | 10-12 || total
-------------------------+-------+-------+-------+-------++-------
Melee: Hand axe          |    60 |   125 |   247 |     1 ||   433
       Headbutt          |    10 |    32 |    64 |    98 ||   204
       Broad axe         |       |       |       |   279 ||   279
       Battleaxe         |       |       |       |   150 ||   150
 Fire: Hunting sling     |       |       |    63 |    77 ||   140
Throw: Stone             |    16 |    73 |     5 |       ||    94
       Dart              |       |    18 |    24 |    55 ||    97
Invok: Berserk           |       |     2 |     3 |    13 ||    18
       Trog's Hand       |       |       |       |     3 ||     3
       Brothers in Arms  |       |       |       |     1 ||     1
  Use: Scroll            |       |     4 |    10 |     8 ||    22
       Potion            |       |       |       |     1 ||     1
 Stab: Distracted        |       |       |       |     1 ||     1
       Invisible         |       |       |       |     1 ||     1
Armor: Animal skin       |     3 |       |       |       ||     3
       Ring mail         |    20 |       |       |       ||    20
       Scale mail        |       |    45 |   103 |   162 ||   310
Dodge: Dodged            |    33 |    56 |   119 |   291 ||   499
Block: Buckler           |       |       |    29 |    78 ||   107

Table legend: (Time is in decaauts)
 A = Elapsed time spent in this place.
 B = Non-inter-level travel time spent in this place.
 C = Inter-level travel time spent in this place.
 D = Time resting spent in this place.
 E = Time spent auto-exploring this place.
 F = Levels seen in this place.
 G = Mean time per level.
                   A        B        C        D        E       F      G
               +--------+--------+--------+--------+--------+-----+--------+
         Total |  16447 |  16052 |    395 |   4989 |   8484 |  13 | 1265.2 |
       Dungeon |  14567 |  14172 |    395 |   3785 |   8202 |  12 | 1213.9 |
      Ice Cave |   1880 |   1880 |      0 |   1204 |    282 |   1 | 1880.0 |
               +--------+--------+--------+--------+--------+-----+--------+

Top non-repeatable levels by time:
    D:11: 2186 daAuts
   IceCv: 1880 daAuts
     D:7: 1645 daAuts
     D:2: 1534 daAuts
     D:4: 1427 daAuts
    D:10: 1398 daAuts
     D:5: 1226 daAuts
     D:9: 1217 daAuts
     D:8: 1023 daAuts
     D:6: 1009 daAuts
     D:3: 941 daAuts
     D:1: 863 daAuts
    D:12: 92 daAuts
